 Dungeon Crawl Stone Soup version 0.20.1-1-g8b1a95d (webtiles) character file.

4347 equalderp2856 the Cleaver (level 10, -7/88 HPs)
             Began as a Minotaur Fighter on July 29, 2017.
             Splashed by Erica's acid (8 damage)
             ... on level 7 of the Dungeon.
             The game lasted 00:20:27 (7239 turns).

equalderp2856 the Cleaver (Minotaur Fighter)        Turns: 7239, Time: 00:20:28

Health: -7/88      AC:  9    Str: 21    XL:     10   Next: 12%
Magic:  9/9        EV:  6    Int:  6    God:
Gold:   312        SH: 15    Dex: 12    Spells: 9/9 levels left

rFire    . . .     SeeInvis .   a - +0 war axe
rCold    . . .     Gourm    .   c - +0 shield
rNeg     . . .     Faith    .   H - +0 plate armour
rPois    .         Spirit   .   (helmet restricted)
rElec    .         Reflect  +   (no cloak)
rCorr    .         Harm     .   n - +0 pair of gloves
MR       .....                  (no boots)
Stlth    ..........             W - +4 amulet of reflection
Regen    0.3/turn               I - -2 ring of protection (curse)
MPRegen  0.2/turn               (no ring)

@: corroded, slowed, very slow
A: retaliatory headbutt, horns 2
a: no special abilities


You were on level 7 of the Dungeon.
You were near starving.

You visited 1 branch of the dungeon, and saw 8 of its levels.
You also visited: Ossuary.

You collected 312 gold pieces.

Inventory:

Hand Weapons
 a - a +0 war axe (weapon)
 t - a +0 hunting sling
 F - a cursed +0 mace
 L - the cursed +1 dagger "Conservator" {pierce, rN+ SInv, unknown}
   (You found it on level 4 of the Dungeon)

   It inflicts extra damage upon your enemies.
   It protects you from negative energy.
   It lets you see invisible.
   It has a curse placed upon it.
 O - a cursed -3 flail
 Q - a +0 shortbow
 V - a +0 shortbow
 X - a +5 shortbow of freezing
Missiles
 j - 210 arrows
 u - 7 javelins (quivered)
 x - 159 stones
 y - 6 needles of sleeping
 N - 17 sling bullets
 P - 60 poisoned needles
 T - 42 bolts
Armour
 b - a +0 scale mail
 c - a +0 shield (worn)
 h - a +0 chain mail
 n - a +0 pair of gloves (worn)
 v - a +0 buckler
 w - a +0 pair of gloves
 H - a +0 plate armour (worn)
 M - a +2 leather armour of cold resistance
 Y - a +3 ring mail
Jewellery
 G - an uncursed amulet of magic regeneration
 I - a cursed -2 ring of protection (left hand)
 J - a cursed amulet of regeneration
 W - a +4 amulet of reflection (around neck)
Wands
 z - a wand of random effects (0/48)
 K - a wand of iceblast (9/15)
 Z - a wand of enslavement (4/24)
Scrolls
 e - 2 scrolls of magic mapping {unknown}
 g - 2 scrolls of identify
 k - 4 scrolls of remove curse {unknown}
 p - 3 scrolls of teleportation {unknown}
 s - 2 scrolls of blinking {unknown}
 A - 3 scrolls of enchant armour {unknown}
 S - 3 scrolls of immolation {unknown}
Potions
 d - 2 potions of might
 i - 3 potions of berserk rage
 l - 2 potions of agility {unknown}
 m - a potion of curing {unknown}
 o - 2 potions of invisibility {unknown}
 q - 3 potions of lignification {unknown}
 r - 3 potions of heal wounds {unknown}
 B - 4 potions of mutation {unknown}
 C - a potion of brilliance {unknown}
 D - a potion of ambrosia {unknown}
 E - 2 potions of haste {unknown}
 R - 2 potions of flight {unknown}
 U - a potion of degeneration {unknown}
Comestibles
 f - 9 bread rations


   Skills:
 + Level 7.9 Fighting
 + Level 11.4 Axes
 + Level 8.0 Armour
 + Level 1.2 Dodging
 + Level 0.1 Stealth
 + Level 9.4 Shields
 + Level 1.2 Evocations


You had 9 spell levels left.
You didn't know any spells.

Dungeon Overview and Level Annotations

Branches:
Dungeon (8/15)             Temple (0/1) D:6
   Lair: D:8-11

Altars:
Dithmenos
Gozag
Nemelex Xobeh
Okawaru
Vehumet
Yredelemnul

Annotations:
D:8 Erica


Innate Abilities, Weirdness & Mutations

You reflexively headbutt those who attack you in melee.
You have a pair of horns on your head.


Message History

The orb of energy hits something.
You hear a zap.
A bolt of acid appears from out of thin air!
The bolt of acid hits you!
You are splashed with acid!
The acid burns!
There is a stone staircase leading up here.
Something hits you. Something burns you.
You climb upwards.
There is a stone staircase leading down here.
You hear a zap.
A bolt of acid appears from out of thin air!
The bolt of acid hits you! The acid corrodes you!
You are splashed with acid!
The acid burns!
* * * LOW HITPOINT WARNING * * *
Something hits you but does no damage.
You hear a zap.
A bolt of acid appears from out of thin air!
The bolt of acid hits you!
* * * LOW HITPOINT WARNING * * *
The acid corrodes you!
You are splashed with acid!
The acid burns!
You die...

#...........# #...
#####.......# #...
#.......# ##.##
#.......######...#
##########.......#......_..
#................'.#..#...#
##.#######.......###..##.##
#.#.#####.........#.....#
#.#......@........#.....#
#.#.#####.........#####.##
#.# #.........##...... #.#
#.........##...... #.#
###.....)...##...... #.#
..........#####......
#.############.##########.
#....................<# #.
###########.........### #.


There were no monsters in sight!

Vanquished Creatures
  A troll (D:8)
  Grinder (D:3)
  Prince Ribbit (D:6)
  A hungry ghost (D:7)
  A sky beast (D:6)
  2 orc warriors
  2 black bears
  2 ice beasts
  2 wolves (D:8)
  6 centaurs
  7 ogres
  2 elf zombies (D:7)
  A big kobold (D:6)
  3 bullfrogs (D:6)
  A gnoll sergeant (D:8)
  4 water moccasin zombies (Ossuary)
  An elf skeleton (D:7)
  3 scorpions
  4 howler monkeys
  A centaur skeleton (D:6)
  3 hounds
  2 orc priests
  A bullfrog skeleton (D:8)
  An iguana (D:6)
  A jelly (D:4)
  5 orc wizards
  2 worker ants
  A hound zombie (D:7)
  2 mummies (Ossuary)
  A howler monkey zombie (D:4)
  A worker ant zombie (D:5)
  5 gnolls (D:8)
  5 adders
  2 oozes
  4 adder zombies (Ossuary)
  3 dart slugs
  2 leopard geckos
  22 orcs
  A ball python (D:3)
  3 bats (D:3)
  6 giant cockroaches
  6 goblins
  7 hobgoblins
  7 jackals
  5 kobolds
  3 quokkas
  2 frilled lizards
  A giant cockroach zombie (D:5)
  4 gnoll zombies (Ossuary)
  9 hobgoblin zombies (Ossuary)
  3 kobold zombies (Ossuary)
  2 orc skeletons (D:7)
  8 orc zombies
  A quokka skeleton (D:7)
  6 rats
183 creatures vanquished.

Vanquished Creatures (others)
  A jackal (D:6)
  5 toadstools (D:1)
6 creatures vanquished.

Grand Total: 189 creatures vanquished

Notes
Turn   | Place    | Note
-------+----------+-------------------------------------------
     0 | D:1      | equalderp2856 the Minotaur Fighter began the quest for the Orb.
     0 | D:1      | Reached XP level 1. HP: 19/19 MP: 0/0
   209 | D:1      | Reached XP level 2. HP: 27/27 MP: 1/1
   823 | D:2      | Reached XP level 3. HP: 33/33 MP: 2/2
  1340 | D:3      | Found a faded altar of an unknown god.
  1425 | D:3      | Noticed Grinder
  1429 | D:3      | Paralysed by Grinder for 4 turns
  1446 | D:3      | Killed Grinder
  1446 | D:3      | Reached skill level 4 in Axes
  1446 | D:3      | Reached skill level 5 in Armour
  1446 | D:3      | Reached XP level 4. HP: 24/41 MP: 3/3
  1446 | D:3      | Reached XP level 5. HP: 27/47 MP: 4/4
  1518 | D:3      | Reached skill level 5 in Shields
  2147 | D:4      | Reached XP level 6. HP: 31/53 MP: 5/5
  2296 | D:4      | Reached skill level 5 in Axes
  2484 | D:4      | Reached skill level 1 in Dodging
  2527 | D:5      | Entered Level 5 of the Dungeon
  2809 | D:4      | Reached skill level 5 in Fighting
  2809 | D:4      | Reached XP level 7. HP: 13/61 MP: 6/6
  3076 | D:4      | Reached skill level 6 in Axes
  3226 | D:4      | Got a jewelled dagger
  3510 | D:5      | Found a radiant altar of Vehumet.
  3535 | D:5      | Found a sparkling altar of Nemelex Xobeh.
  3535 | D:5      | Found a shadowy altar of Dithmenos.
  3739 | D:5      | Reached skill level 7 in Axes
  3894 | D:5      | Found an iron altar of Okawaru.
  4165 | D:6      | Reached XP level 8. HP: 63/68 MP: 7/7
  4204 | D:6      | Noticed Prince Ribbit
  4242 | D:6      | Killed Prince Ribbit
  4300 | D:6      | Reached skill level 8 in Axes
  4395 | D:6      | Reached skill level 1 in Evocations
  4633 | D:6      | Reached skill level 9 in Axes
  4646 | D:6      | Found a staircase to the Ecumenical Temple.
  4855 | D:6      | Reached XP level 9. HP: 74/78 MP: 8/8
  5021 | D:7      | Found a basalt altar of Yredelemnul.
  5066 | D:7      | Found an opulent altar of Gozag.
  5234 | D:7      | Reached skill level 10 in Axes
  5243 | D:7      | Found a sand-covered staircase.
  5254 | Ossuary  | Entered an ossuary
  6251 | D:8      | Noticed a troll
  6283 | D:8      | Killed a troll
  6283 | D:8      | Reached skill level 11 in Axes
  6484 | D:8      | Reached XP level 10. HP: 55/88 MP: 9/9
  7225 | D:8      | Noticed Erica
  7239 | D:7      | HP: 1/88 [something/wand of acid (?/15) (23)]
  7239 | D:7      | Splashed by Erica's acid

Skill      XL: |  1  2  3  4  5  6  7  8  9 10 |
---------------+-------------------------------+-----
Armour         | 4 5 6 7 8 |  8.0
Shields        | 4 5 6 7 9 |  9.4
Fighting       | 4 5 6 7 |  7.9
Axes           | 4 5 7 9 11 | 11.4
Dodging        | 1 |  1.2
Evocations     | 1 |  1.2
Stealth        | |  0.1

Action                   |  1- 3 |  4- 6 |  7- 9 | 10-12 || total
-------------------------+-------+-------+-------+-------++-------
Melee: War axe           |    64 |    80 |   426 |    23 ||   593
       Headbutt          |    15 |    17 |    94 |     5 ||   131
Evoke: Wand              |       |       |     8 |       ||     8
  Use: Potion            |     2 |       |       |       ||     2
       Scroll            |       |       |     5 |       ||     5
  Eat: Chunk             |     1 |       |     9 |     2 ||    12
       Royal jelly       |       |     2 |     1 |       ||     3
       Meat ration       |       |       |     1 |       ||     1
Armor: Scale mail        |     4 |       |       |       ||     4
       Chain mail        |    27 |    23 |       |       ||    50
       Plate armour      |       |    18 |   146 |     9 ||   173
Dodge: Dodged            |    13 |    14 |    54 |     4 ||    85
Block: Shield            |    28 |    44 |   302 |    26 ||   400
       Reflection        |       |       |     4 |     4 ||     8
